 Dungeon Crawl Stone Soup version 0.19-a0-1587-gaef70b6 (webtiles) character file.

983 Charly the Destroyer (level 7, -1/36 HPs)
             Began as a Deep Elf Fire Elementalist on Sept 16, 2016.
             Was a Believer of Sif Muna.
             Slain by a quokka (2 damage)
             ... on level 9 of the Dungeon.
             The game lasted 00:31:13 (1647 turns).

Charly the Destroyer (Deep Elf Fire Elementalist)   Turns: 1647, Time: 00:31:13

Health: -1/36      AC:  2    Str: 10    XL:     7   Next: 96%
Magic:  1/19       EV: 12    Int: 22    God:    Sif Muna [**....]
Gold:   28         SH:  3    Dex: 11    Spells: 4 memorised, 7 levels left

rFire  . . .     SeeInvis .     e - +8 halberd "Rueppeoxi" {holy, rPois rN+++ Dex-4}
rCold  . . .     Gourm    .     (no armour)
rNeg   + + +     Faith    .     (shield currently unavailable)
rPois  +         Spirit   .     (no helmet)
rElec  .         Dismiss  .     b - +0 cloak
rCorr  .         Reflect  +     q - +0 pair of gloves
MR     .....     Harm     .     (no boots)
Stlth  ++........               k - +3 amulet of reflection
                                (no ring)
                                (no ring)

@: mighty, very slightly contaminated, divine energy
A: no striking features
a: Stop Divine Energy, Renounce Religion


You were on level 9 of the Dungeon.
You worshipped Sif Muna.
Sif Muna was pleased with you.
You were not hungry.

You visited 1 branch of the dungeon, and saw 9 of its levels.
You also visited: Bailey.

You collected 214 gold pieces.
You spent 186 gold pieces at shops.

Inventory:

Hand Weapons
 e - the +8 halberd "Rueppeoxi" (weapon) {holy, rPois rN+++ Dex-4}
   (You found it on level 8 of the Dungeon)

   It has been blessed by the Shining One to cause great damage to the undead
   and demons.
   It affects your dexterity (-4).
   It protects you from poison.
   It renders you almost immune to negative energy.
 u - a +2 long sword of holy wrath
Armour
 b - a +0 cloak (worn)
 m - the +0 robe of Insecurity {rPois rC- Int+4 Dex+3}
   (You took it off a gnoll on level 8 of the Dungeon)

   It affects your intelligence (+4).
   It affects your dexterity (+3).
   It makes you vulnerable to cold.
   It protects you from poison.
 n - a +0 buckler
 q - a +0 pair of gloves (worn)
Jewellery
 k - a +3 amulet of reflection (around neck)
Wands
 a - a wand of paralysis (6/24)
 l - a wand of acid (0/15)
 t - a wand of iceblast (0/15)
Scrolls
 o - 5 scrolls of teleportation
 r - a scroll of magic mapping
Potions
 d - a potion of mutation {unknown}
 f - 2 potions of curing
 h - 2 potions of heal wounds
 j - 2 potions of invisibility
 p - a potion of experience {unknown}
Comestibles
 c - 3 bread rations
 i - a meat ration


   Skills:
 - Level 2.4 Dodging
 - Level 2.4 Stealth
 + Level 7.3 Spellcasting
 * Level 8.0 Conjurations
 + Level 4.1 Fire Magic


You had 7 spell levels left.
You knew the following spells:

 Your Spells              Type           Power        Failure   Level  Hunger
c - Conjure Flame         Conj/Fire      ####....     1%          3    None
f - Flame Tongue          Conj/Fire      ####.        1%          1    None
s - Sticky Flame          Conj/Fire      ####....     10%         4    ###....
B - Fireball              Conj/Fire      ####......   21%         5    #####..


Dungeon Overview and Level Annotations

Branches:
Dungeon (9/15)
 Temple: D:4-7         Lair: D:8-11         Orc: D:9-12

Altars:
Dithmenos
Hepliaklqana
Nemelex Xobeh
Sif Muna
Trog
Xom

Shops:
D:9 ?

Annotations:
D:4 Eustachio
D:5 exclusion: upstairs
D:8 Joseph


Message History

* * * LOW HITPOINT WARNING * * *
It was a potion of might.
You feel very mighty all of a sudden.
The orc priest burns!
The orc priest barely misses you.
You barely miss the orc priest.
The orc priest is severely wounded.
The orc priest burns!
You block the orc priest's attack. The orc priest closely misses you.
A quokka comes into view.
You puncture the orc priest!
You kill the orc priest!
Sif Muna accepts your kill.
Your Conjurations skill increases to level 8!
Casting: Sticky Flame
Confirm with . or Enter, or press ? or * to list all spells.
Aiming: Flame Tongue
Press: ? - help, Shift-Dir - straight line, f - quokka
Aim: a quokka The flame tongue misses the quokka.
The quokka bites you.
You die...

....
#.#..##########..
.................
.................
.....####<###...
##........#...
........#.#)#
#...<#..∩†.# ##..
###@###
.......r.)......
.........)......
#.#..###.#.#....
... ..... ... ..
...... .. . ...
... . .........


You could see a quokka.

Vanquished Creatures
  An orc warrior (D:8)
  2 sky beasts
  2 ogres (D:8)
  A bullfrog (D:8)
  A gnoll sergeant (D:9)
  A bullfrog zombie (D:9)
  A centaur zombie (D:5)
  A bullfrog skeleton (D:5)
  2 hounds (D:9)
  A gnoll shaman (D:5)
  An orc priest (D:9)
  An orc wizard (D:5)
  2 worker ants
  A hound skeleton (D:7)
  A hound zombie (D:9)
  4 gnolls
  An adder (D:5)
  A shadow imp (D:9)
  An adder zombie (D:8)
  An adder skeleton (D:9)
  3 leopard geckos
  13 orcs
  A giant cockroach (D:5)
  A goblin (D:2)
  A hobgoblin (D:2)
  A jackal (D:5)
  3 kobolds
  3 bats
  A frilled lizard (D:1)
  A rat (D:3)
55 creatures vanquished.

Vanquished Creatures (others)
  A plant (D:9)
1 creature vanquished.

Grand Total: 56 creatures vanquished

Notes
Turn   | Place    | Note
-------+----------+-------------------------------------------
     0 | D:1      | Charly the Deep Elf Fire Elementalist began the quest for the Orb.
     0 | D:1      | Reached XP level 1. HP: 10/10 MP: 6/6
   126 | D:2      | Reached XP level 2. HP: 15/15 MP: 4/8
   159 | D:3      | Reached skill level 2 in Conjurations
   187 | D:3      | Found a sparkling altar of Nemelex Xobeh.
   256 | D:3      | Found a deep blue altar of Sif Muna.
   259 | D:3      | Became a worshipper of Sif Muna the Loreminder
   409 | D:4      | Noticed Eustachio
   411 | D:5      | Entered Level 5 of the Dungeon
   465 | D:5      | Reached skill level 3 in Conjurations
   465 | D:5      | Reached XP level 3. HP: 19/19 MP: 6/10
   486 | D:5      | Found a bloodstained altar of Trog.
   514 | D:5      | Learned a level 3 spell: Conjure Flame
   622 | D:6      | Reached XP level 4. HP: 21/24 MP: 4/12
   721 | D:5      | Reached skill level 4 in Conjurations
   754 | D:6      | Learned a level 4 spell: Sticky Flame
   762 | D:5      | Reached XP level 5. HP: 26/28 MP: 1/14
   811 | D:5      | Found a hazy altar of Hepliaklqana.
   826 | D:5      | Reached skill level 5 in Spellcasting
   826 | D:5      | Reached skill level 5 in Conjurations
   835 | D:5      | Learned a level 5 spell: Fireball
   910 | D:4      | Noticed an ogre
   927 | D:4      | Noticed an ogre
  1019 | D:8      | Reached * piety under Sif Muna
  1019 | D:8      | Reached XP level 6. HP: 32/32 MP: 8/16
  1087 | D:8      | Noticed an orc warrior
  1131 | D:9      | Found Daijit's Magic Scroll Emporium.
  1135 | D:9      | Bought a scroll of teleportation for 36 gold pieces
  1135 | D:9      | Bought a scroll of teleportation for 36 gold pieces
  1135 | D:9      | Bought a scroll of teleportation for 36 gold pieces
  1135 | D:9      | Bought a scroll of teleportation for 36 gold pieces
  1158 | D:8      | Reached skill level 6 in Conjurations
  1203 | D:8      | Found a flagged portal.
  1204 | D:8      | Noticed a sky beast
  1208 | D:8      | Killed a sky beast
  1211 | D:8      | Got a crystal halberd
  1212 | D:8      | Identified the +8 halberd "Rueppeoxi" {holy, rPois rN+++ Dex-4} (You found it on level 8 of the Dungeon)
  1215 | Bailey   | Entered a bailey
  1215 | Bailey   | Noticed an orc warrior
  1215 | Bailey   | Noticed an orc warrior
  1215 | Bailey   | Noticed an orc warrior
  1239 | D:8      | Noticed Joseph
  1261 | D:8      | Reached XP level 7. HP: 36/36 MP: 12/18
  1302 | D:8      | Got a smoking robe
  1350 | D:9      | Identified the cursed +0 robe of Insecurity {rPois rC- Int+4 Dex+3} (You took it off a gnoll on level 8 of the Dungeon)
  1352 | D:9      | Found a shimmering altar of Xom.
  1356 | D:9      | Reached skill level 7 in Conjurations
  1397 | D:9      | Noticed a seven-headed hydra
  1451 | D:9      | Reached ** piety under Sif Muna
  1480 | D:9      | Found a shadowy altar of Dithmenos.
  1635 | D:9      | Bought a scroll of magic mapping for 42 gold pieces
  1643 | D:9      | HP: 1/36 [orc priest/divine providence (12)]
  1646 | D:9      | Reached skill level 8 in Conjurations
  1647 | D:9      | Slain by a quokka

Vault maps used:
D:1:      dpeg_arrival_solitude, minmay_misc_feat_square, item_on_display_b
D:2:      bloody_makhleb, lemuel_round_altar, overflow_temple_1_default
D:3:      lemuel_round_altar, nicolae_overflow_crystal_walls,
          lemuel_blue_sif_altar, serial_bayou, serial_bayou_lagoon_a,
          serial_bayou_ford_a, serial_bayou_pond_b, serial_bayou_pond_b,
          uniq_terence
D:4:      lemuel_upstairs_altar, lemuel_round_altar, uniq_eustachio
D:5:      lemuel_doored_altar, lemuel_round_altar,
          nicolae_overflow_hidden_temple, first_bread
D:6:      nicolae_ru_great_annihilating_truth
D:7:      vehumet_altar_wand_db, overflow_temple_1_default
D:8:      enter_bailey_2, uniq_joseph
D:9:      minmay_cornered_nines, lemuel_crystal_altar,
          nicolae_dithmenos_shadow_blocks, david_lair_shrubbed, serial_shops,
          nicolae_shop_waterfront, nicolae_shop_crystal, shop
Bailey:   bailey_polearm_4, bailey

Skill      XL: |  1  2  3  4  5  6  7 |
---------------+----------------------+-----
Conjurations   | 3 4 5 6 8 |  8.0
Spellcasting   | 4 5 6 7 |  7.3
Fire Magic     | 4 |  4.1
Dodging        | |  2.4
Stealth        | |  2.4

Action                   |  1- 3 |  4- 6 |  7- 9 || total
-------------------------+-------+-------+-------++-------
Melee: Halberd           |       |     7 |    26 ||    33
       Long sword        |       |     3 |       ||     3
Throw: Throwing net      |       |     1 |       ||     1
 Cast: Flame Tongue      |    44 |    31 |    27 ||   102
       Conjure Flame     |       |     9 |     4 ||    13
       Sticky Flame      |       |     2 |     5 ||     7
Invok: Divine Energy     |       |       |     1 ||     1
Evoke: Wand              |     3 |     1 |     2 ||     6
  Use: Scroll            |       |    10 |     2 ||    12
       Potion            |       |       |     1 ||     1
  Eat: Chunk             |       |     1 |       ||     1
       Meat ration       |       |       |     1 ||     1
Armor: Robe              |     1 |     7 |     2 ||    10
       Skin              |       |       |     2 ||     2
Dodge: Dodged            |    12 |    15 |    13 ||    40
Block: Other             |     2 |     2 |     2 ||     6
